AoeStats
← GAX | Urubu

Nomad

507882030Analyzed
4v4 RM · 13d ago on Sep 20, 2026· 37m 23s· 8 players
Game mode
Random Map
Map size
231×231
Population
200
Speed
Normal
Resources
Standard
Victory
Conquest
Starting age
Dark Age
Ending age
Imperial Age
RankedLock teamsTeams togetherTeam positionsShared explorationLock speedFull tech treeHidden civsTurbo modeCheats
Victory
Defeat
🇧🇷 Muisca · Brazil
1586
+14
🇧🇷 Tupi · Brazil
1560
+15
🇧🇷 Armenians · Brazil
1516
+17
🇧🇷 Dravidians · Brazil
1463
+19
🇨🇦 Magyars · Canada
1600
-19
🇺🇸 Byzantines · United States
1559
-17
🇺🇸 Italians · United States
1536
-16
🇭🇰 Teutons · Hong Kong SAR China
1464
-13
GAX | Kareca
4:44 Loom
12:06 Feudal Age
16:05 Castle Age
14:36 Double-Bit Axe
15:06 Fishing Lines
15:51 Fletching
17:22 Bow Saw
17:07 Town Watch
20:01 Bodkin Arrow
23:38 Padded Archer Armor
25:17 Gold Mining
25:52 Ballistics
25:17 Horse Collar
25:28 Stone Mining
25:52 Gillnets
28:17 Wheelbarrow
29:33 Scale Mail Armor
29:43 Forging
30:44 Chain Mail Armor
30:32 Squires
34:39 Imperial Age
33:39 Iron Casting
38:30 Plate Mail Armor
GAX | Flanq
5:19 Loom
13:20 Feudal Age
13:49 Double-Bit Axe
14:05 Gold Mining
17:31 Forging
19:10 Wheelbarrow
22:05 Castle Age
20:32 Fishing Lines
22:04 Fletching
22:14 Padded Archer Armor
23:00 Bow Saw
23:02 Medium Warships
22:43 Gillnets
23:43 Iron Casting
24:18 Town Watch
25:04 Bodkin Arrow
28:07 Clinker Construction
28:09 Careening
28:47 Horse Collar
30:19 Ballistics
31:18 Town Patrol
33:23 Hand Cart
39:15 Imperial Age
GAX | Urubu
4:48 Loom
8:11 Loom
12:53 Feudal Age
16:40 Castle Age
14:54 Double-Bit Axe
15:25 Horse Collar
16:32 Gold Mining
19:13 Fletching
19:24 Padded Archer Armor
20:37 Bodkin Arrow
30:16 Town Watch
31:07 Wheelbarrow
34:00 Imperial Age
33:25 Leather Archer Armor
34:03 Ballistics
35:11 Conscription
34:54 Bracer
35:32 Elite Blackwood Archer
37:46 Curare
GAX | lee17-han
6:43 Loom
16:17 Feudal Age
18:06 Fletching
22:56 Town Watch
30:40 Castle Age
29:32 Gold Mining
Hugh Jayniss
10:01 Loom
13:08 Feudal Age
14:34 Town Watch
16:55 Wheelbarrow
16:56 Fletching
20:32 Castle Age
20:59 Crossbowman
32:48 Elite Skirmisher
34:09 Double-Bit Axe
Alt+F4 | Popo
7:07 Loom
13:18 Feudal Age
17:30 Castle Age
15:46 Fishing Lines
16:02 Double-Bit Axe
17:24 Fletching
18:42 Medium Warships
20:05 Bodkin Arrow
24:49 Ballistics
27:08 Clinker Construction
27:16 Careening
28:17 Gillnets
29:38 Bow Saw
31:49 Clinker Construction
32:10 Horse Collar
34:03 Heavy Plow
36:22 Wheelbarrow
Alt + F4 | UncleJack
13:06 Feudal Age
17:01 Castle Age
16:51 Double-Bit Axe
17:18 Loom
20:13 Scale Barding Armor
19:57 Horse Collar
23:25 Horse Collar
28:31 Bloodlines
29:05 Chain Barding Armor
31:35 Wheelbarrow
31:50 Husbandry
Takerofthehill
5:25 Loom
14:37 Feudal Age
23:50 Castle Age
25:17 Fletching
26:25 Bodkin Arrow
32:45 Scale Barding Armor
Connection lost

Rejoining the realm…

Still unreachable

The connection could not be restored.

Session expired

The server has moved on; the page needs a fresh start.